 Dungeon Crawl Stone Soup version 0.23.2-1-ga50397a (webtiles) character file.

Game seed: 9256261390477663138

77 Fang the Skirmisher (level 4, -8/29 HPs)
             Began as a Gargoyle Berserker on Apr 30, 2019.
             Was a Believer of Trog.
             Mangled by Sigmund
             ... wielding a +0 scythe
              (9 damage)
             ... on level 2 of the Dungeon.
             The game lasted 00:01:16 (1664 turns).

Fang the Skirmisher (Gargoyle Berserker)            Turns: 1664, Time: 00:01:17

Health: -8/29      AC:  5    Str: 22    XL:     4   Next: 33%
Magic:  4/4        EV: 12    Int:  7    God:    Trog [**....]
Gold:   42         SH:  0    Dex:  9    Spells: 3/3 levels left

rFire    . . .     SeeInvis .   a - +0 hand axe
rCold    . . .     Gourm    .   (no shield)
rNeg     + . .     Faith    .   b - +0 animal skin
rPois    ∞         Spirit   .   (no helmet)
rElec    +         Reflect  .   (no cloak)
rCorr    .         Harm     .   (no gloves)
MR       .....                  (no boots)
Stlth    +.........             (no amulet)
HPRegen  0.09/turn              (no ring)
MPRegen  0.09/turn              (no ring)

@: berserk cooldown, slowed, very slow
A: negative energy resistance 1, electricity resistance, unbreathing,
petrification resistance, rot immunity, AC +3
a: Berserk, Trog's Hand, Renounce Religion


You were on level 2 of the Dungeon.
You worshipped Trog.
Trog was pleased with you.
You were very hungry.

You visited 1 branch of the dungeon, and saw 2 of its levels.

You collected 42 gold pieces.

Inventory:

Hand Weapons
 a - a +0 hand axe (weapon)
Armour
 b - a +0 animal skin (worn)
Scrolls
 d - a scroll of enchant armour {unknown}
 h - 3 scrolls of teleportation {unknown}
 j - a scroll of identify {unknown}
 k - 2 scrolls of amnesia {unknown}
 m - 3 scrolls of remove curse {unknown}
Potions
 e - 2 potions of curing {unknown}
 f - 2 potions of agility {unknown}
 g - a potion of flight {unknown}
 i - a potion of brilliance {unknown}
 l - 2 potions of berserk rage {unknown}
Comestibles
 c - a ration


   Skills:
 + Level 4.0 Fighting
 + Level 3.2 Axes
 + Level 3.0 Armour
 + Level 2.2 Dodging


You had 3 spell levels left.
You didn't know any spells.
Your spell library was empty.

Dungeon Overview and Level Annotations

Branches:
Dungeon (2/15)

Altars:
Hepliaklqana
Vehumet

Annotations:
D:2 Sigmund


Innate Abilities, Weirdness & Mutations

You are resistant to torment.
Your stone body is resilient. (AC +3)
You are immune to poison.
You resist negative energy. (rN+)
You are resistant to electric shocks. (rElec)
You can survive without breathing.
You are immune to petrification.
You are immune to rotting.


Message History

You are too confused!
You are too confused!
You barely miss Sigmund.
Sigmund is heavily wounded.
Sigmund barely misses you.
You feel a strong urge to attack something.
You are no longer berserk.
You are exhausted.
You feel yourself slow down. Sigmund barely misses you.
Sigmund casts a spell at you. You resist with some effort.
Sigmund points at you and mumbles some strange words.
The magic dart hits you.
Sigmund hits you from afar with a +0 scythe.
You bump into the rock wall.
You feel less confused.
Sigmund hits you from afar with a +0 scythe!
* * * LOW HITPOINT WARNING * * *
Sigmund hits you from afar with a +0 scythe!
You die...

#.#+# ........## #.#.#
......... ##.#.#.#
#.........> +.......
#......... ####.#..
#........# ###.#..
#........# .......
#........# ###.#.# ###
#.......@# #.#.# ..#
#.....@..# . #.# #.#
#........# .. #. #.#
#.....†..##### .. ##
#.# #.....)......# #.#
#....†.......# #.#
##########.....#
#.#####.............##
#.......(...........#


You could see Sigmund.

Vanquished Creatures
  Robin (D:2)
  An adder (D:2)
  A gnoll (D:1)
  2 leopard geckos (D:1)
  2 giant cockroaches
  11 goblins
  9 hobgoblins
  2 kobolds
  7 bats (D:1)
  2 frilled lizards
  2 rats (D:1)
40 creatures vanquished.

Notes
Turn   | Place    | Note
-------+----------+-------------------------------------------
     0 | D:1      | Fang the Gargoyle Berserker began the quest for the Orb.
     0 | D:1      | Reached XP level 1. HP: 14/14 MP: 1/1
   217 | D:1      | Reached XP level 2. HP: 17/19 MP: 2/2
   547 | D:1      | Reached XP level 3. HP: 20/24 MP: 3/3
  1103 | D:2      | Noticed Robin
  1104 | D:2      | Reached ** piety under Trog
  1115 | D:2      | Killed Robin
  1115 | D:2      | Reached XP level 4. HP: 22/29 MP: 4/4
  1115 | D:2      | Reached skill level 4 in Fighting
  1362 | D:2      | Found a radiant altar of Vehumet.
  1543 | D:2      | Found a hazy altar of Hepliaklqana.
  1646 | D:2      | Noticed Sigmund
  1663 | D:2      | HP: 1/29 [Sigmund/+0 scythe (10)]
  1664 | D:2      | Mangled by Sigmund

Skill      XL: |  1  2  3  4 |
---------------+-------------+-----
Axes           | 3 |  3.2
Dodging        | 2 |  2.2
Fighting       | 4 |  4.0
Armour         | 3 |  3.0

Action                   |  1- 3 |  4- 6 || total
-------------------------+-------+-------++-------
Melee: Hand axe          |   104 |    23 ||   127
Invok: Berserk           |     2 |     1 ||     3
 Stab: Sleeping          |       |     1 ||     1
  Eat: Chunk             |     2 |     2 ||     4
Armor: Animal skin       |    62 |     3 ||    65
Dodge: Dodged            |   108 |    20 ||   128
